 Dungeon Crawl Stone Soup version 0.27.0-1-g7a089689b8 (webtiles) character file.

Game seed: 6458587870923684920

513 Konebred the Changer (level 7, -1/52 HPs)
             Began as a Black Draconian Transmuter on Aug 2, 2021.
             Was an Initiate of Makhleb.
             Slain by an iron imp (3 damage)
             ... summoned by Eustachio
             ... on level 4 of the Dungeon.
             The game lasted 00:12:28 (4994 turns).

Konebred the Changer (Black Draconian Transmuter)   Turns: 4994, Time: 00:12:29

Health: -1/52      AC:  2    Str: 18      XL:     7   Next: 0%
Magic:  11/13      EV: 19    Int: 15      God:    Makhleb [......]
Gold:   244        SH:  0    Dex: 16 (17) Spells: 8/14 levels left

rFire    + . .     SeeInvis .     - Unarmed
rCold    . . .     Faith    .   (shield currently unavailable)
rNeg     . . .     Spirit   .   (armour unavailable)
rPois    x         Reflect  .   (helmet currently unavailable)
rElec    .         Harm     .   (cloak currently unavailable)
rCorr    .         Rampage  .   (gloves currently unavailable)
Will     .....                  (boots currently unavailable)
Stlth    +.........             (no amulet)
HPRegen  0.17/turn              c - +6 ring of strength
MPRegen  0.13/turn              x - ring of protection from fire

@: short of breath, spider-form
A: venomous fangs, (breathe lightning), AC +6, tiny, unfitting armour,
(electricity resistance), (cold-blooded)
a: End Transformation, Renounce Religion


You were on level 4 of the Dungeon.
You worshipped Makhleb.
Makhleb was noncommittal.
You were a venomous arachnid creature.
You visited 1 branch of the dungeon, and saw 4 of its levels.

You collected 244 gold pieces.

Inventory:

Hand Weapons
 i - a +1 short sword of draining (melded)
 w - a +0 mace of holy wrath
Missiles
 j - 8 curare-tipped darts
 n - 11 poisoned darts (quivered)
Armour
 v - a +0 cloak (melded)
 y - a +0 hat
Jewellery
 c - a +6 ring of strength (left front leg)
 x - a ring of protection from fire (right front leg)
Wands
 q - a wand of paralysis (7)
Scrolls
 g - 2 scrolls of identify {unknown}
 h - a scroll of amnesia {unknown}
 k - a scroll of silence {unknown}
 m - 2 scrolls of acquirement {unknown}
 o - a scroll of teleportation {unknown}
 p - a scroll of immolation
 r - a scroll of noise {unknown}
 t - a scroll of fear {unknown}
Potions
 a - 3 potions of curing
 b - 2 potions of mutation {unknown}
 d - a potion of degeneration {unknown}
 e - 2 potions of attraction {unknown}
 f - a potion of lignification {unknown}
 l - a potion of resistance {unknown}
 s - 2 potions of ambrosia {unknown}
 u - 2 potions of haste {unknown}


   Skills:
 - Level 1.1 Fighting
 - Level 2.0 Throwing
 - Level 1.7 Dodging
 - Level 3.0 Unarmed Combat
 - Level 4.0 Spellcasting
 + Level 4.6 Transmutations
 - Level 2.3 Poison Magic
 - Level 2.3 Evocations


You had 8 spell levels left.
You knew the following spells:

 Your Spells              Type           Power      Damage    Failure   Level
a - Beastly Appendage     Tmut           32%        N/A       10%         1
b - Wereblood             Tmut           16%        N/A       13%         2
c - Spider Form           Tmut/Pois      6%         N/A       30%         3

Your spell library contained the following spells:

 Spells                   Type           Power      Damage    Failure   Level
 Summon Small Mammal      Summ           12%        N/A       38%         1
 Ignite Poison            Fire/Tmut/Pois 9%         N/A       43%         3
 Mephitic Cloud           Conj/Pois/Air  5%         N/A       58%         3
 Confusing Touch          Hex            3%         N/A       69%         3
 Ice Form                 Ice/Tmut       10%        N/A       77%         4
 Bolt of Magma            Conj/Fire/Erth 1%         4d4       100%        5
 Dispersal                Tloc           1%         N/A       100%        6
 Monstrous Menagerie      Summ           1%         N/A       100%        7
 Disjunction              Tloc           1%         N/A       100%        8


Dungeon Overview and Level Annotations

Branches:
Dungeon (4/15)
 Temple: D:4-7

Altars:
Makhleb
Xom
Zin

Shops:
D:4 :

Annotations:
D:4 Eustachio


Innate Abilities, Weirdness & Mutations

You are a venomous arachnid creature.
You have poisonous fangs.
You are tiny and dextrous.
Your spellcasting is less reliable in this form.
Your armour is entirely melded.
You are incapable of wielding weapons or throwing items.
((You can breathe wild blasts of lightning.))
((Your glossy black scales are hard. (AC +6)))
You cannot fit into any form of body armour.
((You are resistant to electric shocks. (rElec)))
((You are cold-blooded and may be slowed by cold attacks.))


Message History

Unknown command.
You closely miss Eustachio.
Eustachio is almost dead.
The bat disappears in a puff of smoke!
The bat barely misses you. The bat closely misses you. The ufetubus misses you.
The ufetubus closely misses you. The quasit misses you.
The quasit closely misses you. The quasit misses you.
The river rat completely misses you.
Eustachio hits you with a +1 rapier of freezing.
Eustachio freezes you. The ufetubus hits you.
* * * LOW HITPOINT WARNING * * *
The ufetubus hits you.
* * * LOW HITPOINT WARNING * * *
The quokka closely misses you. The quasit bites you.
* * * LOW HITPOINT WARNING * * *
You feel clumsy. The quasit closely misses you. The quasit barely misses you.
You hit Eustachio but do no damage.
Eustachio is almost dead.
The bat closely misses you. The ufetubus hits you.
* * * LOW HITPOINT WARNING * * *
The ufetubus hits you.
* * * LOW HITPOINT WARNING * * *
The river rat bites you!
* * * LOW HITPOINT WARNING * * *
Eustachio mumbles some strange words.
Eustachio blinks!
The quokka closely misses you. The quasit closely misses you.
The quasit barely misses you.
The quasit claws you but does no damage.
The iron imp misses you. The quokka closely misses you.
The quasit barely misses you.
The quasit claws you but does no damage.
The quasit completely misses you. The ufetubus hits you.
* * * LOW HITPOINT WARNING * * *
The ufetubus completely misses you. The bat hits you but does no damage.
Unknown command.
The bat misses you.
The quokka twitches its whiskers.
The iron imp hits you.
You die...

........##...#....#...#
.........#..##....#...##
........#....#.#.......#
.......................#
..####.>......#.....#.##
...........####...#####
...........#####...#
......##......##...#
.#.........##..rs..#
#..............b55.#
.............#.5.r##
.......###....@r...#
.##.#..##...........#
#####.......#?..>...#
###....<##......... #
#.......##..##.#..##
#####.........## .####


You could see Eustachio (extremely poisoned), an iron imp (summoned), a quasit
(summoned), a river rat (summoned), an ufetubus (summoned), a quokka (summoned),
a bat (summoned) and a rat (summoned).

Vanquished Creatures
  A water moccasin (D:4)
  A necrophage (D:4)
  A scorpion (D:4)
  A water moccasin skeleton (D:4)
  A hound (D:4)
  Crazy Yiuf (D:3)
  A howler monkey skeleton (D:3)
  6 adders
  2 adder skeletons (D:4)
  A worm (D:2)
  2 dart slugs (D:1)
  An orc (D:3)
  4 bats
  6 endoplasms
  5 giant cockroaches
  9 hobgoblins
  8 jackals
  12 kobolds
  A quokka (D:2)
  2 ball pythons
  5 frilled lizards
  6 goblins
  6 rats
83 creatures vanquished.

Notes
Turn   | Place    | Note
-------+----------+-------------------------------------------
     0 | D:1      | Konebred the Draconian Transmuter began the quest for the
                  | Orb.
     0 | D:1      | Reached XP level 1. HP: 16/16 MP: 3/3
   145 | D:1      | Got the Grimoire of Supportive Hexes
   311 | D:1      | Reached XP level 2. HP: 18/23 MP: 3/5
  1074 | D:1      | Reached XP level 3. HP: 24/28 MP: 7/7
  1220 | D:1      | Learned a level 2 spell: Wereblood
  1224 | D:1      | Learned a level 3 spell: Spider Form
  2199 | D:2      | Reached skill level 1 in Poison Magic
  2199 | D:2      | Reached XP level 4. HP: 35/35 MP: 6/8
  2677 | D:3      | Found a faded altar of an unknown god.
  2853 | D:3      | Reached skill level 1 in Throwing
  3068 | D:3      | Found a shimmering altar of Xom.
  3466 | D:3      | Found a runed translucent door.
  3467 | D:3      | Noticed Crazy Yiuf
  3477 | D:3      | Killed Crazy Yiuf
  3478 | D:3      | Reached XP level 5. HP: 33/40 MP: 2/9
  3592 | D:4      | Reached skill level 1 in Evocations
  3965 | D:4      | Reached XP level 6. HP: 10/47 MP: 8/11
  4240 | D:4      | Found a glowing silver altar of Zin.
  4240 | D:4      | Found a burning altar of Makhleb.
  4241 | D:4      | Noticed an Executioner
  4241 | D:4      | Noticed an angel
  4244 | D:4      | Became a worshipper of Makhleb the Destroyer
  4384 | D:4      | Found Nussesem's Book Shop.
  4388 | D:4      | Noticed a water moccasin
  4399 | D:4      | Killed a water moccasin
  4802 | D:4      | Your scales start taking on a glossy black colour.
  4802 | D:4      | Reached XP level 7. HP: 36/52 MP: 13/13
  4802 | D:4      | Gained mutation: You are resistant to electric shocks.
                  | (rElec) [Black Draconian growth]
  4978 | D:4      | Noticed Eustachio
  4992 | D:4      | HP: 2/52 [river rat[Eustachio] (7)]
  4994 | D:4      | Slain by an iron imp

Illustrated notes

Levels and vault maps discovered:
D:1:      lightli_molten_gateway, layout_basic, hangedman_abyss_or_decor_stabs,
          minmay_ruptured
D:2:      layout_loops_cross
D:3:      layout_loops_ring, tgw_xom, hellmonk_ecumenical_altar_blasted,
          uniq_crazy_yiuf_cottage
D:4:      layout_cave_pools, grunt_temple_overflow_order_and_chaos_2,
          nicolae_qazlal_eye_of_the_storm, minmay_shop_grid_forest,
          uniq_eustachio

Skill      XL: |  1  2  3  4  5  6 |
---------------+-------------------+-----
Transmutations | 3 4 |  4.6
Spellcasting   | 3 4 |  4.0
Poison Magic   | 1 2 |  2.3
Throwing       | 1 2 |  2.0
Evocations     | 1 2 |  2.3
Fighting       | |  1.1
Dodging        | |  1.7
Unarmed Combat | |  3.0

Action                   |  1- 3 |  4- 6 |  7- 9 || total
-------------------------+-------+-------+-------++-------
Melee: Unarmed           |   115 |    11 |    10 ||   136
       Kick              |    15 |    21 |       ||    36
       Headbutt          |     8 |     8 |       ||    16
       Punch             |     1 |     1 |       ||     2
       Tailslap          |     9 |    11 |       ||    20
       Short sword       |     9 |   132 |       ||   141
Throw: Dart              |       |     2 |       ||     2
 Cast: Beastly Appendage |    11 |    13 |       ||    24
       Spider Form       |     1 |     2 |     1 ||     4
 Abil: Breathe Lightning |       |       |     1 ||     1
  Use: Potion            |       |     4 |       ||     4
 Stab: Sleeping          |     2 |       |       ||     2
Armor: Skin              |    45 |    38 |     9 ||    92
Dodge: Dodged            |    71 |    84 |    68 ||   223
